 Dungeon Crawl Stone Soup version 0.29.0-15-g675c0067aa (webtiles) character file.

Game seed: 17427289012425766692

725 qw the Chopper (level 7, -6/44 HPs)
             Began as a Gargoyle Delver on Sept 11, 2022.
             Mangled by a gnoll sergeant
             ... wielding a +2 trident of venom
              (11 damage)
             ... on level 6 of the Dungeon.
             The game lasted 00:01:30 (4241 turns).

qw the Chopper (Gargoyle Delver)                    Turns: 4241, Time: 00:01:30

Health: -6/44      AC: 17    Str: 24    XL:     7   Next: 71%
Magic:  7/7        EV: 12    Int: 10    God:
Gold:   1          SH:  0    Dex: 11    Spells: 6/6 levels left

rFire   . . .      SeeInvis .   Y - +1 war axe
rCold   . . .      Faith    .   (no shield)
rNeg    + . .      Spirit   .   c - +0 chain mail
rPois   inf        Reflect  .   h - +0 helmet
rElec   +          Harm     .   (no cloak)
rCorr   .          Rampage  .   (no gloves)
Will    .....                   (no boots)
Stlth   ..........              (no amulet)
HPRegen 0.14/turn               p - +4 ring of evasion
MPRegen 0.10/turn               r - +6 ring of strength

@: about to teleport
A: sickness immunity, AC +4, negative energy resistance 1, electricity
resistance, torment resistance 1, petrification resistance, iridescent scales 1,
wild magic 1
a: no special abilities


You were on level 6 of the Dungeon.
You visited 1 branch of the dungeon, and saw 7 of its levels.

You collected 167 gold pieces.
You spent 166 gold pieces at shops.


Innate Abilities, Weirdness & Mutations

You are immune to sickness and miasma.
Your stone body is resilient. (AC +4)
You are immune to poison.
You resist negative energy. (rN+)
You are resistant to electric shocks. (rElec)
You are resistant to unholy torment.
You are immune to petrification.
You are partially covered in iridescent scales. (AC +2)
Your spells are a little harder to cast, but a little more powerful.


   Skills:
 - Level 4.8 Fighting
 + Level 6.3 Axes
 - Level 3.6 Armour
 - Level 1.5 Dodging
 - Level 5.4 Stealth


You had 6 spell levels left.
You didn't know any spells.
Your spell library was empty.

Inventory:

Hand Weapons
 a - a +4 vorpal flail
 Y - a +1 war axe (weapon)
Armour
 c - a +0 chain mail (worn)
 h - a +0 helmet (worn)
Jewellery
 d - a ring of protection from fire
 p - a +4 ring of evasion (left hand)
 r - a +6 ring of strength (right hand)
Wands
 g - a wand of digging (3)
Scrolls
 e - a scroll of identify
Potions
 f - 2 potions of haste
 j - a potion of cancellation
 k - 2 potions of curing
 s - a potion of experience {unknown}
 t - a potion of degeneration {unknown}

Dungeon Overview and Level Annotations

Branches:
Dungeon (7/15)
 Temple: D:4-7

Altars:
Makhleb
Wu Jian

Shops:
D:3 (   D:7 *:[??


Message History

You kill the adder!
The gnoll sergeant hits you but does no damage.
You slash the gnoll!
The gnoll is heavily wounded.
The gnoll hits you but does no damage.
The gnoll sergeant hits you but does no damage.
You barely miss the gnoll.
The gnoll is heavily wounded.
The gnoll hits you but does no damage.
The gnoll sergeant hits you from afar with a +2 trident of venom.
You slash the gnoll!
You kill the gnoll!
The gnoll sergeant closely misses you. The gnoll sergeant barely misses you.
The orc barely misses you.
You slash the orc!
You kill the orc!
The gnoll sergeant hits you but does no damage.
A white imp comes into view.
You hit the gnoll but do no damage. The gnoll completely misses you.
The gnoll sergeant closely misses you.
You hit the gnoll.
The gnoll is lightly wounded.
The gnoll hits you but does no damage.
The gnoll sergeant hits you from afar with a +2 trident of venom.
You slash the gnoll!
You kill the gnoll!
The gnoll sergeant misses you.
You closely miss something.
The gnoll sergeant hits you from afar with a +2 trident of venom.
Something hits you but does no damage. The gnoll misses you.
The gnoll barely misses you.
The gnoll sergeant hits you from afar with a +2 trident of venom.
The orc priest looks encouraged for a moment.
Something hits you but does no damage.
4241 ||| READING scroll of teleportation.
As you read the scroll of teleportation, it crumbles to dust.
You feel strangely unstable. The gnoll hits you but does no damage.
Something hits you.
The gnoll sergeant hits you from afar with a +2 trident of venom!
You die...

# # # .. ###### #
... #....# # ....
##.#.#### #####
..... #.#....#
##....
....og####.####.#
#.....
....5g{@...# #.#
#.....
#.##.#####.# #.#
#..... ### #.#
#..... #.#####'##
#.......#
#########


You could see a gnoll sergeant, an orc priest, a gnoll and a white imp.

Vanquished Creatures
  Edmund (D:4)
  A black bear (D:6)
  A centaur (D:7)
  A bullfrog (D:7)
  An electric eel (D:7)
  A howler monkey (D:7)
  2 hounds
  An orc priest (D:6)
  An orc wizard (D:3)
  Robin (D:2)
  2 gnolls (D:6)
  7 adders
  A white imp (D:7)
  3 dart slugs
  7 orcs
  4 ball pythons
  8 endoplasms
  2 giant cockroaches (D:1)
  16 goblins
  7 hobgoblins
  A quokka (D:3)
  3 bats (D:1)
  7 frilled lizards
  4 kobolds
  8 rats
91 creatures vanquished.

Vanquished Creatures (others)
  7 plants (D:3)
7 creatures vanquished.

Grand Total: 98 creatures vanquished

Notes
Turn   | Place    | Note
-------+----------+-------------------------------------------
     0 | D:5      | qw the Gargoyle Delver began the quest for the Orb.
     0 | D:5      | Reached XP level 1. HP: 14/14 MP: 1/1
     0 | D:5      | 0 ||| qw: Version: 0.1-a-118-gb4e7ce6
     0 | D:5      | 0 ||| qw: Game counter: 10369
     0 | D:5      | 0 ||| qw: Always use a shield: true
     0 | D:5      | 0 ||| qw: God list: Okawaru
     0 | D:5      | 0 ||| qw: Allow faded altars: false
     0 | D:5      | 0 ||| qw: Do Orc after D:15 true
     0 | D:5      | 0 ||| qw: Do second Lair branch before Depths: true
     0 | D:5      | 0 ||| qw: Lair rune preference: random
     0 | D:5      | 0 ||| qw: Plans: Normal
     0 | D:5      | 0 ||| PLANNING D:1-11
     0 | D:5      | 0 ||| DROPPING scroll of fog.
     1 | D:5      | 1 ||| DROPPING scroll of magic mapping.
     2 | D:5      | 2 ||| DROPPING scroll of fear.
    33 | D:4      | Reached skill level 2 in Axes
    33 | D:4      | Reached XP level 2. HP: 14/19 MP: 2/2
   314 | D:4      | Found an ornate altar of the Wu Jian Council.
   365 | D:4      | Reached skill level 3 in Axes
   365 | D:4      | Reached XP level 3. HP: 19/23 MP: 3/3
   430 | D:3      | 430 ||| FLEEEEING.
   440 | D:3      | 440 ||| STAIRDANCE
   495 | D:2      | 495 ||| UPGRADING to +0 chain mail.
   505 | D:2      | 505 ||| DROPPING +0 leather armour.
   547 | D:1      | Found a faded altar of an unknown god.
   600 | D:1      | 600 ||| DROPPING +0 club.
   721 | D:1      | Reached XP level 4. HP: 26/28 MP: 4/4
   774 | D:1      | Reached skill level 1 in Armour
  1005 | D:1      | 1005 ||| Stepping ~*~*~tactically~*~*~ (stealth).
  1066 | D:1      | 1066 ||| DROPPING +0 whip.
  1414 | D:1      | 1414 ||| UPGRADING to ring of protection from fire.
  1415 | D:1      | 1415 ||| READING scroll labelled ERYAKHA XIMINK.
  1419 | D:1      | 1419 ||| READING scroll labelled UJIGES KIJUNI.
  1420 | D:1      | 1420 ||| READING scroll labelled RAJOJURYMU.
  1421 | D:1      | 1421 ||| READING scroll labelled REUJ QUTUS.
  1472 | D:2      | Reached skill level 4 in Axes
  1847 | D:2      | 1847 ||| Stepping ~*~*~tactically~*~*~ (hiding).
  1868 | D:2      | Noticed Robin
  1881 | D:2      | HP: 5/28 [hobgoblin[Robin] (5)]
  1886 | D:2      | Killed Robin
  1887 | D:2      | Reached XP level 5. HP: 5/32 MP: 5/5
  2542 | D:2      | 2542 ||| UPGRADING to +0 helmet.
  2547 | D:2      | 2547 ||| UPGRADING to +6 ring of dexterity.
  2548 | D:2      | 2548 ||| UPGRADING to +4 ring of evasion.
  2550 | D:2      | 2550 ||| UPGRADING to ring of protection from fire.
  2552 | D:2      | 2552 ||| DRINKING 2 grey potions.
  2552 | D:2      | Gained mutation: You sometimes lose your temper in combat.
                  | [potion of mutation]
  2552 | D:2      | Gained mutation: You have sharp toenails. [potion of
                  | mutation]
  2553 | D:2      | 2553 ||| DRINKING potion of mutation.
  2553 | D:2      | Lost mutation: You sometimes lose your temper in combat.
                  | [potion of mutation]
  2553 | D:2      | Lost mutation: You have sharp toenails. [potion of
                  | mutation]
  2553 | D:2      | Gained mutation: Your spells are a little harder to cast,
                  | but a little more powerful. [potion of mutation]
  2553 | D:2      | Gained mutation: You are partially covered in iridescent
                  | scales. (AC +2) [potion of mutation]
  2656 | D:3      | Found Ycisiur's Antique Weapon Shoppe.
  2666 | D:3      | 2666 ||| SHOPLISTING glowing flail (188 gold, have 106).
  2666 | D:3      | 2666 ||| BUYING war axe (101 gold).
  2666 | D:3      | Bought a war axe for 101 gold pieces
  2666 | D:3      | 2666 ||| SWAPPING to +0 war axe.
  2667 | D:3      | 2667 ||| DROPPING +0 hand axe.
  2711 | D:3      | 2711 ||| Stepping ~*~*~tactically~*~*~ (stealth).
  2924 | D:3      | 2924 ||| Stepping ~*~*~tactically~*~*~ (stealth).
  2926 | D:3      | 2926 ||| Stepping ~*~*~tactically~*~*~ (hiding).
  2968 | D:3      | Reached skill level 5 in Axes
  3310 | D:3      | Reached XP level 6. HP: 24/37 MP: 6/6
  3496 | D:3      | 3496 ||| UPGRADING to +6 ring of strength.
  3498 | D:3      | 3498 ||| DROPPING +6 ring of dexterity.
  3499 | D:3      | 3499 ||| READING scroll labelled GOTHEU IH BUK.
  3500 | D:3      | 3500 ||| DRINKING 2 metallic green potions.
  3501 | D:3      | 3501 ||| DRINKING 3 golden potions.
  3502 | D:3      | 3502 ||| DRINKING 2 amethyst potions.
  3503 | D:3      | 3503 ||| READING 3 scrolls of identify.
  3503 | D:3      | 3503 ||| IDENTIFYING pink potion
  3504 | D:3      | 3504 ||| READING 2 scrolls of identify.
  3504 | D:3      | 3504 ||| IDENTIFYING fuming orange potion
  3505 | D:3      | 3505 ||| DROPPING potion of lignification.
  3506 | D:3      | 3506 ||| DROPPING potion of flight.
  3544 | D:4      | Found a burning altar of Makhleb.
  3544 | D:4      | Noticed Edmund
  3559 | D:4      | Killed Edmund
  3665 | D:4      | 3665 ||| DROPPING +2 whip of flaming.
  3680 | D:4      | You fall into a shaft and drop 3 floors!
  3742 | D:7      | Found Ubbaiwes's Magic Scroll Shoppe.
  3744 | D:7      | Found Jaagrac's Magic Scroll Boutique.
  3744 | D:7      | Found Debuunah's Armour Shop.
  3745 | D:7      | Found Gowis's Book Boutique.
  3745 | D:7      | Found Yntan's General Store.
  3749 | D:7      | 3749 ||| BUYING scroll of identify (26 gold).
  3749 | D:7      | Bought a scroll of identify for 26 gold pieces
  3749 | D:7      | 3749 ||| BUYING scroll of teleportation (39 gold).
  3749 | D:7      | Bought a scroll of teleportation for 39 gold pieces
  3749 | D:7      | 3749 ||| SHOPLISTING scroll of teleportation (39 gold, have
                  | 1).
  3762 | D:7      | Reached XP level 7. HP: 33/44 MP: 7/7
  3843 | D:7      | 3843 ||| SHOPLISTING +0 pair of gloves (54 gold, have 1).
  3843 | D:7      | 3843 ||| SHOPLISTING +1 cloak (138 gold, have 1).
  3843 | D:7      | 3843 ||| SHOPLISTING +1 pair of boots of flying (198 gold,
                  | have 1).
  3882 | D:7      | HP: 10/44 [goblin/+0 spear (3)]
  3883 | D:7      | 3883 ||| READING 2 scrolls of teleportation.
  3884 | D:7      | 3884 ||| DRINKING potion of heal wounds.
  4000 | D:7      | 4000 ||| SHOPLISTING scroll of identify (24 gold, have 1).
  4000 | D:7      | 4000 ||| SHOPLISTING scroll of teleportation (36 gold, have
                  | 1).
  4017 | D:7      | 4017 ||| Stepping ~*~*~tactically~*~*~ (hiding).
  4025 | D:7      | Reached skill level 6 in Axes
  4140 | D:7      | 4140 ||| READING 2 scrolls of identify.
  4140 | D:7      | 4140 ||| IDENTIFYING viscous amethyst potion
  4141 | D:7      | 4141 ||| DROPPING potion of brilliance.
  4231 | D:6      | Reached skill level 3 in Armour
  4240 | D:6      | HP: 10/44 [gnoll sergeant/+2 trident of venom (4)]
  4241 | D:6      | 4241 ||| READING scroll of teleportation.
  4241 | D:6      | Mangled by a gnoll sergeant

Levels and vault maps discovered:
D:1:      saegor_arrival_simple_d, layout_basic,
          dreamdust_ecumenical_altar_statues, minmay_unequal
D:2:      layout_basic, uniq_robin
D:3:      layout_loops_ring, serial_shops,
          nicolae_shop_temple_entry_statues_fountains, minmay_lizard_king
D:4:      layout_gridville, pdpol_wu_jian_five_deadly_venoms, bloody_makhleb,
          serial_shops, nicolae_square_shop, serial_rivers,
          chequers_serial_rivers_small_3, chequers_serial_rivers_small_3,
          chequers_serial_rivers_marsh, chequers_serial_rivers_large_a,
          chequers_serial_rivers_micro_b, uniq_edmund
D:5:      layout_loops_ring
D:6:      minmay_inner_zag, layout_basic, marbit_many_paths,
          lemuel_zombie_altar_kikubaaqudgha, minmay_temple_entry_statues,
          serial_shops, shop_fountains, uniq_duvessa, uniq_sigmund
D:7:      layout_basic, enter_bailey_3, nicolae_wooded_promenade,
          hangedman_abyss_or_decor_passed, kennysheep_generic_room_14

Skill      XL: |  1  2  3  4  5  6  7 |
---------------+----------------------+-----
Axes           | 2 3 4 5 6 |  6.3
Armour         | 2 3 |  3.6
Fighting       | 4 |  4.8
Dodging        | |  1.5
Stealth        | |  5.4

Action                   |  1- 3 |  4- 6 |  7- 9 || total
-------------------------+-------+-------+-------++-------
Melee: Hand axe          |    48 |   117 |       ||   165
       Punch             |       |     1 |     1 ||     2
       War axe           |       |    98 |    48 ||   146
  Use: Scroll            |       |     7 |     3 ||    10
       Potion            |       |     5 |     1 ||     6
Armor: Leather armour    |    18 |       |       ||    18
       Chain mail        |    17 |   101 |    57 ||   175
Dodge: Dodged            |    31 |   101 |    53 ||   185

Table legend:
 A = Non-vault XP
 B = Vault XP
 C = Vault XP percentage of total XP
 D = Non-vault monster count
 E = Vault monster count
 F = Vault count percentage of total count
                 A         B        C        D         E       F
            +---------+---------+-------+---------+---------+-------
      Total |     818 |     218 |  21.0 |      67 |      24 |  26.4
            +---------+---------+-------+---------+---------+-------
        D:1 |      37 |       2 |   5.1 |      23 |       1 |   4.2
        D:2 |      27 |      39 |  59.1 |       9 |      13 |  59.1
        D:3 |     155 |       5 |   3.1 |      20 |       5 |  20.0
        D:4 |      72 |     166 |  69.7 |       4 |       1 |  20.0
        D:6 |     213 |       0 |   0.0 |       6 |       0 |   0.0
        D:7 |     314 |       6 |   1.9 |       5 |       4 |  44.4
            +---------+---------+-------+---------+---------+-------
